AoeStats
← dark_29

Northern Isles

510297836Analyzed
1v1 RM · 3d ago on Sep 30, 2026· 42m 16s· 2 players
Game mode
Random Map
Map size
Tiny (2 player)
Population
200
Speed
Normal
Resources
Standard
Victory
Conquest
Starting age
Dark Age
Ending age
Imperial Age
RankedLock teamsTeams togetherTeam positionsShared explorationLock speedFull tech treeHidden civsTurbo modeCheats
Victory
Defeat
🇦🇷 Vikings · Argentina
853
+15
🇫🇷 Persians · France
829
-15
dark_29
0:26 Loom
10:49 Feudal Age
11:18 Double-Bit Axe
13:05 Gold Mining
22:27 Castle Age
20:58 Bloodlines
22:10 Stone Mining
22:04 Horse Collar
23:40 Medium Warships
24:19 Bow Saw
26:14 Husbandry
30:10 Scale Barding Armor
30:16 Forging
32:51 Imperial Age
33:11 Wheelbarrow
32:22 Town Watch
33:00 Ballistics
32:36 Murder Holes
32:54 Siphons
33:04 Clinker Construction
32:58 Cavalier
35:22 Citadels
35:16 Fletching
36:36 Kamandaran
36:50 Thumb Ring
36:21 Crossbowman
37:34 Padded Archer Armor
38:51 Chemistry
Señor Hentai
10:37 Feudal Age
11:52 Fishing Lines
17:45 Castle Age
17:29 Double-Bit Axe
20:26 Gillnets
21:01 Bow Saw
21:55 Fletching
23:00 Bodkin Arrow
24:01 Gold Mining
27:16 Forging
30:14 Ballistics
30:10 Masonry
33:06 Imperial Age
31:15 Iron Casting
31:17 Town Watch
31:46 Scale Mail Armor
33:10 Chain Mail Armor
33:31 Treadmill Crane
34:22 Architecture
35:15 Blast Furnace
34:16 Bracer
35:35 Conscription
35:50 Plate Mail Armor
36:32 Town Patrol
36:55 Siege Engineers
38:44 Chemistry
37:14 Elite Longship
38:04 Elite Berserk
Connection lost

Rejoining the realm…

Still unreachable

The connection could not be restored.

Session expired

The server has moved on; the page needs a fresh start.